 Seeded DCSS version 0.27-a0-1228-gfd60fd639a (webtiles) character file.

Game seed: 49 (custom seed)

9363 Snicker the Cleaver (level 11, -4/84 (94) HPs)
             Began as a Minotaur Gladiator on June 8, 2021.
             Was a Believer of Qazlal.
             Slain by a hell beast (5 damage)
             ... summoned by a dread lich
             ... on level 1 of the Abyss.
             The game lasted 00:15:54 (9487 turns).

Snicker the Cleaver (Minotaur Gladiator)            Turns: 9487, Time: 00:15:54

HP:   -4/84 (94)    AC: 15    Str: 20    XL:     11   Next: 22%
MP:   13/15         EV: 13    Int:  6    God:    Qazlal [**....]
Gold: 501           SH:  3    Dex: 14    Spells: 5/10 levels left

rFire    . . .     SeeInvis .   a - +2 battleaxe (freeze)
rCold    . . .     Faith    .   (shield currently unavailable)
rNeg     . . .     Spirit   .   d - +0 swamp dragon scales
rPois    +         Reflect  .   c - +0 hat
rElec    .         Harm     .   y - +0 cloak
rCorr    .         Rampage  .   e - +2 pair of gloves {Str+3}
Will     .....     Clarity  +   p - +0 pair of boots
Stlth    +.........             (no amulet)
HPRegen  0.00/turn              v - ring of wizardry
MPRegen  0.14/turn              H - +4 ring of slaying

@: mildly diseased, heavily drained
A: horns 2, retaliatory headbutt, clarity, high mp 1, weak 1, subdued magic 1
a: Renounce Religion, Upheaval


You were on level 1 of the Abyss.
You worshipped Qazlal.
Qazlal was pleased with you.
You visited 1 branch of the dungeon, and saw 10 of its levels.
You visited the Abyss 1 time.

You collected 501 gold pieces.

Inventory:

Hand Weapons
 a - a +2 battleaxe of freezing (weapon)
 b - the +5 hand crossbow of Darr {venom, rN+ Stlth+}
   (You found it on level 6 of the Dungeon)

   It poisons the ammo it fires.
   It protects you from negative energy.
   It makes you more stealthy.
 j - a +0 war axe
 l - a +1 hand axe of electrocution
Missiles
 u - 25 bolts
Armour
 c - a +0 hat (worn)
 d - +0 swamp dragon scales (worn)
 e - a +2 pair of gloves of strength (worn)
 m - a +0 chain mail
 p - a +0 pair of boots (worn)
 y - a +0 cloak (worn)
Jewellery
 s - a ring of resist corrosion
 v - a ring of wizardry (left hand)
 B - a ring of poison resistance
 C - a ring of fire
 H - a +4 ring of slaying (right hand)
Wands
 o - a wand of iceblast (21)
 r - a wand of flame (17)
Scrolls
 f - 2 scrolls of enchant armour {unknown}
 g - 13 scrolls of identify
 k - 4 scrolls of teleportation {unknown}
 n - 3 scrolls of vulnerability {unknown}
 q - 2 scrolls of magic mapping {unknown}
 w - a scroll of noise {unknown}
Potions
 h - 2 potions of brilliance {unknown}
 i - a potion of curing
 t - 4 potions of mutation
 x - a potion of degeneration {unknown}
 z - 3 potions of heal wounds {unknown}
 A - a potion of might {unknown}
 D - a potion of flight {unknown}
 E - a potion of berserk rage {unknown}
 F - 2 potions of haste {unknown}
 G - a potion of ambrosia {unknown}


   Skills:
 + Level 7.8 Fighting
 + Level 13.2 Axes
 + Level 2.3 Crossbows
 + Level 2.3 Throwing
 + Level 7.3 Armour
 + Level 6.3 Dodging
 - Level 1.8 Stealth
 + Level 1.9 Shields
 + Level 0.2 Spellcasting
 * Level 4.3 Translocations
 * Level 5.6 Invocations
 + Level 0.3 Evocations


You had 5 spell levels left.
You knew the following spells:

 Your Spells              Type           Power      Damage    Failure   Level
a - Swiftness             Air            0%         N/A       61%         3
b - Blink                 Tloc           N/A        N/A       7%          2

Your spell library contained the following spells:

 Spells                   Type           Power      Damage    Failure   Level
 Magic Dart               Conj           0%         1d3       26%         1
 Shock                    Conj/Air       0%         1d3       26%         1
 Call Imp                 Summ           0%         N/A       38%         2
 Slow                     Hex            0%         N/A       38%         2
 Static Discharge         Conj/Air       0%         N/A       38%         2
 Conjure Flame            Conj/Fire      0%         6-21      61%         3
 Mephitic Cloud           Conj/Pois/Air  0%         N/A       61%         3
 Airstrike                Air            0%         N/A       94%         4
 Lightning Bolt           Conj/Air       0%         1d11      100%        5


Dungeon Overview and Level Annotations

Branches:
Dungeon (10/15)            Temple (0/1) D:6            Lair (0/6) D:9
    Orc (0/2) D:10

Altars:
Ashenzari
Makhleb
Qazlal
Sif Muna
Uskayaw
Zin

Shops:
D:7 :

Annotations:
D:10 Erolcha


Innate Abilities, Weirdness & Mutations

You have a pair of horns on your head.
You reflexively headbutt those who attack you in melee.
You possess an exceptional clarity of mind.
You have an increased reservoir of magic. (+10% MP)
You are weak. (Str -2)
Your spells are a little easier to cast, but a little less powerful.


Message History

The orange demon stings you but does no damage.
You hear some strange, mumbled words.
You suddenly lose the ability to move!
The green death gestures at you.
The bolt of poison hits something.
The bolt of poison hits you. You resist. The orange demon stings you from afar!
* * * LOW HITPOINT WARNING * * *
You are lethally poisoned!
The orange demon poisons you!
You hear some strange, mumbled words.
You shrug off the repeated paralysis!
You can move again.
You feel better.
The orange demon stings you but does no damage.
Something completely misses you.
You hear some strange, mumbled words.
Found 14 gold pieces.
There is an open door here.
You hear some strange, mumbled words.
Found a metal-bound book.
As you close the door, it creaks loudly!
An orange demon opens the door.
You hear some strange, mumbled words.
Something touches you.
You see here a Young Poisoner's Handbook.
Something touches you!
* * * LOW HITPOINT WARNING * * *
You feel drained.
* * * LOW HITPOINT WARNING * * *
Found 42 gold pieces.
You feel better. Something touches you.
* * * LOW HITPOINT WARNING * * *
The hell beast misses you. You furiously retaliate!
You headbutt the hell beast!
The hell beast tramples you but does no damage.
Something touches you but does no damage.
The hell beast bites you!
* * * LOW HITPOINT WARNING * * *
The hell beast tramples you.
You die...

.#..... .....
...... #..## #
...##..## #......
.# ##....#.. #
#### ##.....'...#
#..# ##.# ###§## .
#.☼####.2.2 ...#
##
#@..###2###..###.
##2..#.#.##..#..#.
#...##.:#.#..###
#.# #.....
........#. #. .
#$##.......####..#
.. # #..#..#...
..##. #..#.#.##.##
.. ..#.##.#. ## #.
.#.. # #


You could see a hell beast (summoned).

Vanquished Creatures
  A hydra (D:10)
  3 death yaks (D:9)
  A thrashing horror (Abyss:1)
  Maggie (D:6)
  An ancient zyme (Abyss:1)
  2 trolls
  A hornet (shapeshifter) (D:9)
  Grinder (D:4)
  2 hornets
  A wyvern (D:9)
  9 yaks (D:8)
  Menkaure (D:6)
  2 orc warriors
  3 ice beasts
  3 centaurs
  A phantom (D:6)
  2 kobold brigands
  2 wyvern zombies (D:8)
  2 bullfrogs
  2 scorpions
  A wyvern skeleton (D:7)
  3 water moccasin skeletons
  10 killer bees
  9 wights
  3 howler monkeys
  A jelly (D:4)
  A bullfrog zombie (D:6)
  3 hounds (D:5)
  A centaur skeleton (D:5)
  2 orc priests
  2 bullfrog skeletons
  An iguana (D:4)
  Ijyb (D:4)
  Terence (D:2)
  2 orc wizards
  A howler monkey skeleton (D:4)
  A howler monkey zombie (D:9)
  5 adders
  2 river rats (D:9)
  2 white imps
  3 worms
  A dart slug (D:4)
  26 orcs
  3 ball pythons
  9 bats
  8 endoplasms
  2 giant cockroaches
  7 goblins
  3 hobgoblins
  17 kobolds
  7 quokkas
  7 rats
186 creatures vanquished.

Notes
Turn   | Place    | Note
-------+----------+-------------------------------------------
     0 | D:1      | Snicker the Minotaur Gladiator began the quest for the Orb.
     0 | D:1      | Reached XP level 1. HP: 18/18 MP: 0/0
    78 | D:1      | Identified a scroll of acquirement
    78 | D:1      | Acquired a +2 pair of gloves of strength
   176 | D:1      | Reached skill level 4 in Axes
   176 | D:1      | Reached XP level 2. HP: 25/25 MP: 1/1
   782 | D:2      | Reached XP level 3. HP: 30/30 MP: 2/2
   836 | D:2      | Found a faded altar of an unknown god.
  1338 | D:2      | Noticed Terence
  1345 | D:2      | Killed Terence
  1346 | D:2      | Reached skill level 5 in Axes
  1346 | D:2      | Reached XP level 4. HP: 37/37 MP: 3/3
  1496 | D:3      | Reached skill level 1 in Armour
  1499 | D:3      | Reached XP level 5. HP: 39/45 MP: 4/4
  1870 | D:3      | Found a burning altar of Makhleb.
  2078 | D:3      | Found a stormy altar of Qazlal.
  2210 | D:3      | Became a worshipper of Qazlal Stormbringer
  2393 | D:4      | Noticed a centaur
  2395 | D:4      | Noticed Grinder
  2410 | D:4      | Killed a centaur
  2411 | D:4      | Reached skill level 6 in Axes
  2411 | D:4      | Reached XP level 6. HP: 21/51 MP: 5/5
  2413 | D:4      | Paralysed by Grinder for 2 turns
  2429 | D:4      | Killed Grinder
  2430 | D:4      | Reached skill level 5 in Dodging
  2703 | D:4      | Found a sand-covered staircase.
  2870 | D:4      | Reached XP level 7. HP: 54/59 MP: 6/6
  2876 | D:4      | Reached skill level 1 in Stealth
  2991 | D:4      | Noticed Ijyb
  2994 | D:4      | Killed Ijyb
  3218 | D:4      | Reached skill level 7 in Axes
  3265 | D:4      | Found a glowing silver altar of Zin.
  3366 | D:5      | Entered Level 5 of the Dungeon
  3575 | D:5      | Reached * piety under Qazlal
  3781 | D:5      | Learned a level 3 spell: Swiftness
  3909 | D:5      | Reached skill level 8 in Axes
  3916 | D:5      | Reached skill level 5 in Fighting
  3916 | D:5      | Reached XP level 8. HP: 15/68 MP: 7/7
  4293 | D:5      | Learned a level 2 spell: Blink
  4368 | D:6      | Reached skill level 1 in Invocations
  4485 | D:6      | Acquired a +2 battleaxe of freezing
  4512 | D:6      | Noticed Maggie
  4520 | D:6      | Killed Maggie
  4521 | D:6      | Reached skill level 9 in Axes
  4521 | D:6      | Reached skill level 5 in Armour
  4521 | D:6      | Reached skill level 1 in Translocations
  4540 | D:6      | Identified the +5 hand crossbow of Darr {venom, rN+ Stlth+}
  5046 | D:6      | Reached skill level 1 in Crossbows
  5046 | D:6      | Noticed Menkaure
  5051 | D:6      | Killed Menkaure
  5183 | D:6      | Reached ** piety under Qazlal
  5222 | D:6      | Found a staircase to the Ecumenical Temple.
  5257 | D:6      | Reached XP level 9. HP: 68/74 MP: 9/9
  5439 | D:7      | Reached skill level 10 in Axes
  5839 | D:7      | Found a broken altar of Ashenzari.
  5934 | D:7      | Found Qasya's Book Boutique.
  6720 | D:8      | Reached skill level 11 in Axes
  7174 | D:8      | Reached XP level 10. HP: 61/84 MP: 11/11
  7176 | D:8      | Reached skill level 1 in Shields
  7636 | D:9      | Found a shimmering blue altar of Sif Muna.
  7857 | D:9      | Reached skill level 12 in Axes
  7863 | D:9      | Reached *** piety under Qazlal
  8020 | D:9      | Noticed a cane toad
  8022 | D:9      | a cane toad changed into a hornet
  8083 | D:9      | Noticed a death yak
  8084 | D:9      | Found a staircase to the Lair.
  8085 | D:9      | Noticed a death yak
  8088 | D:9      | Noticed a death yak
  8095 | D:9      | Killed a death yak
  8098 | D:9      | Killed a death yak
  8099 | D:9      | Reached skill level 5 in Invocations
  8118 | D:9      | Killed a death yak
  8495 | D:9      | Found a hide-covered altar of Uskayaw.
  8823 | D:10     | Entered Level 10 of the Dungeon
  8823 | D:10     | Found a staircase to the Orcish Mines.
  8826 | D:10     | Noticed a six-headed hydra
  8904 | D:10     | Killed a nine-headed hydra
  8905 | D:10     | Reached skill level 13 in Axes
  8905 | D:10     | Reached XP level 11. HP: 43/92 MP: 2/14
  9310 | D:10     | Identified the +2 spear "Owoyryot" {vamp, rElec Str+4
                  | Dex+4}
  9423 | D:10     | Noticed Erolcha
  9425 | D:10     | Cast into level 1 of the Abyss (Erolcha)
  9434 | Abyss:1  | Noticed a thrashing horror
  9438 | Abyss:1  | Killed a thrashing horror
  9454 | Abyss:1  | Noticed a dread lich
  9463 | Abyss:1  | Gained mutation: You are weak. (Str -2) [potion of
                  | mutation]
  9463 | Abyss:1  | Gained mutation: Your spells are a little easier to cast,
                  | but a little less powerful. [potion of mutation]
  9463 | Abyss:1  | Gained mutation: You have an increased reservoir of magic.
                  | (+10% MP) [potion of mutation]
  9463 | Abyss:1  | Gained mutation: You possess an exceptional clarity of
                  | mind. [potion of mutation]
  9465 | Abyss:1  | Noticed a green death
  9468 | Abyss:1  | Paralysed by something for 2 turns
  9475 | Abyss:1  | Noticed a hell beast
  9478 | Abyss:1  | Noticed a cacodemon
  9487 | Abyss:1  | HP: 1/84 [hell beast[a dread lich] (15)]
  9487 | Abyss:1  | Slain by a hell beast

Illustrated notes

Levels and vault maps discovered:
D:1:      sevenhm_arrival_forest_fort_small_4, layout_loops_ring
D:2:      layout_basic, shapermc_ecumenical_altar_gd, serial_bayou_pond_e,
          uniq_terence
D:3:      layout_loops_ring, nicolae_qazlal_eye_of_the_storm,
          lightli_temple_of_fire
D:4:      layout_basic, lemuel_crystal_altar,
          nicolae_ossuary_entry_false_entrances, uniq_ijyb, uniq_grinder
D:5:      layout_loops_ring
D:6:      layout_basic, minmay_temple_entry_butterflies, uniq_menkaure,
          uniq_maggie
D:7:      layout_loops_ring, kennysheep_mini_moat, serial_shops,
          nicolae_shop_stone, lemuel_flamethrower_2
D:8:      layout_gridville
D:9:      layout_irregular_city, nicolae_uskayaw_murder_on_the_dancefloor,
          marbit_many_paths, dpeg_lair_monsters
D:10:     layout_gridville, nicolae_yredelemnul_corpse_copse, uniq_erolcha
Abyss:1:  base:
Temple

Skill      XL: |  1  2  3  4  5  6  7  8  9 10 |
---------------+-------------------------------+-----
Axes           | 4 5 6 8 9 11 13 | 13.2
Dodging        | 4 5 6 |  6.3
Fighting       | 3 4 5 6 7 |  7.8
Armour         | 1 2 3 4 5 6 7 |  7.3
Stealth        | 1 |  1.8
Invocations    | 2 3 5 |  5.6
Translocations | 1 2 4 |  4.3
Crossbows      | 1 2 |  2.3
Shields        | 1 |  1.9
Throwing       | |  2.3
Spellcasting   | |  0.2
Evocations     | |  0.3

Action                   |  1- 3 |  4- 6 |  7- 9 | 10-12 || total
-------------------------+-------+-------+-------+-------++-------
Melee: War axe           |    56 |       |       |       ||    56
       Headbutt          |     9 |    13 |    35 |    17 ||    74
       Hand axe          |       |    69 |    92 |       ||   161
       Battleaxe         |       |       |   115 |    97 ||   212
 Fire: Hand crossbow     |       |       |     1 |       ||     1
Throw: Throwing net      |     1 |     2 |     1 |       ||     4
 Cast: Blink             |       |       |       |     2 ||     2
Invok: Upheaval          |       |       |       |     6 ||     6
Evoke: Wand              |       |       |       |     4 ||     4
  Use: Scroll            |     1 |       |     4 |     1 ||     6
       Potion            |       |     1 |     1 |     3 ||     5
 Stab: Held in net/web   |       |     2 |     2 |       ||     4
Armor: Leather armour    |    11 |       |       |       ||    11
       Ring mail         |    12 |    21 |     4 |       ||    37
       Chain mail        |       |       |    39 |       ||    39
       Swamp dragon scal |       |       |    43 |    49 ||    92
Dodge: Dodged            |    38 |    31 |   124 |    71 ||   264
Block: Other             |       |       |    17 |    15 ||    32

Table legend: (Time is in decaauts)
 A = Elapsed time spent in this place.
 B = Non-inter-level travel time spent in this place.
 C = Inter-level travel time spent in this place.
 D = Time resting spent in this place.
 E = Time spent auto-exploring this place.
 F = Levels seen in this place.
 G = Mean time per level.
                   A        B        C        D        E       F      G
               +--------+--------+--------+--------+--------+-----+--------+
         Total |   9533 |   9113 |    420 |    910 |   6900 |  11 |  866.6 |
       Dungeon |   9472 |   9052 |    420 |    910 |   6890 |  10 |  947.2 |
         Abyss |     61 |     61 |      0 |      0 |     10 |   1 |   61.0 |
               +--------+--------+--------+--------+--------+-----+--------+

Top non-repeatable levels by time:
     D:9: 1266 daAuts
     D:8: 1258 daAuts
     D:4: 1176 daAuts
     D:6: 1021 daAuts
     D:5: 975 daAuts
     D:7: 937 daAuts
     D:3: 794 daAuts
     D:1: 790 daAuts
     D:2: 700 daAuts
    D:10: 553 daAuts
 Abyss:1: 61 daAuts
